 Dungeon Crawl Stone Soup version 0.29.0-7-g18a832c13a (webtiles) character file.

Game seed: 16314185644898793949

63 SnakkuSnakku7 the Trooper (level 4, 0/52 HPs)
             Began as a Djinni Chaos Knight on Aug 31, 2022.
             Was a Plaything of Xom.
             Slain by an ufetubus (1 damage)
             ... summoned by Xom
             ... on level 2 of the Dungeon.
             The game lasted 00:02:35 (1878 turns).

SnakkuSnakku7 the Trooper (Djinni Chaos Knight)     Turns: 1878, Time: 00:02:35

Health: 0/52       AC:  5    Str: 11      XL:     4   Next: 30%
Gold:   173        EV: 11    Int: 15      God:    Xom [.*....] SH:  0 Dex:  5 (13)

rFire   + + .      SeeInvis .   a - +1 falchion (flame)
rCold   x . .      Faith    .   (no shield)
rNeg    . . .      Spirit   .   b - +2 leather armour
rPois   ∞          Reflect  .   (no helmet)
rElec   .          Harm     .   (no cloak)
rCorr   .          Rampage  .   (no gloves)
Will    .....                   (boots unavailable)
Stlth   ..........              (no amulet)
HPRegen 0.17/turn               (no ring)
MPRegen 0.00/turn               (no ring)

@: berserking, flying, studying Polearms, very quick
A: sickness immunity, fire resistance 2, cold vulnerability 1, float, innate
caster, HP casting, extra vitality 1
a: Renounce Religion


You were on level 2 of the Dungeon.
You worshipped Xom.
You were a plaything of Xom.
You visited 1 branch of the dungeon, and saw 2 of its levels.

You collected 173 gold pieces.

Inventory:

Hand Weapons
 a - a +1 falchion of flaming (weapon)
 n - a +0 falchion of chaos
Armour
 b - a +2 leather armour (worn)
Jewellery
 o - a +6 ring of dexterity
Scrolls
 d - a scroll of teleportation {unknown}
 e - a scroll of identify
 f - 2 scrolls of magic mapping
 h - a scroll of summoning {unknown}
 j - a scroll of immolation {unknown}
 k - a scroll of fog {unknown}
 m - 2 scrolls of vulnerability {unknown}
Potions
 g - a potion of haste {unknown}
 l - a potion of heal wounds {unknown}
 p - a potion of curing {unknown}
Miscellaneous
 c - a piece from Xom's chessboard (15/15)


   Skills:
 - Level 3.0 Fighting
 - Level 2.6 Long Blades
 - Level 1.0 Armour
 - Level 2.1 Dodging
 + Level 2.6 Spellcasting


You had 7 spell levels left.
You knew the following spells:

 Your Spells              Type           Power      Damage    Failure   Level
a - Shock                 Conj/Air       40%        1d5       9%          1
Your spell library was empty.

Dungeon Overview and Level Annotations

Branches:
Dungeon (2/15)

Altars:


Innate Abilities, Weirdness & Mutations

You are immune to sickness and miasma.
You are immune to poison.
Your flesh is very heat resistant. (rF++)
You are vulnerable to cold. (rC-)
You float through the air rather than walking.
You learn spells naturally, not from books.
Your magical power is your life essence.
You have superior vitality. (+4 MHP)


Message History

As you read the scroll labelled NUBBETZIASS, it crumbles to dust.
You feel aware of your surroundings.
It was a scroll of magic mapping.
The ufetubus closely misses you.
The ufetubus hits you but does no damage.
The quasit bites you.
* * * LOW HITPOINT WARNING * * *
You feel clumsy.
The quasit claws you but does no damage. x2
The ufetubus misses you. The ufetubus hits you.
* * * LOW HITPOINT WARNING * * *
A red film seems to cover your vision as you go berserk!
You feel yourself moving faster!
You feel mighty! The quasit bites you.
* * * LOW HITPOINT WARNING * * *
The quasit claws you but does no damage.
The quasit barely misses you. The ufetubus misses you.
The ufetubus hits you but does no damage.
You barely miss the ufetubus.
The quasit bites you but does no damage.
The quasit claws you.
* * * LOW HITPOINT WARNING * * *
You feel clumsy.
The quasit claws you but does no damage.
The ufetubus barely misses you. The ufetubus closely misses you.
You barely miss the ufetubus.
The ufetubus hits you but does no damage. x2
The quasit bites you but does no damage.
The quasit claws you.
* * * LOW HITPOINT WARNING * * *
The quasit closely misses you. The ufetubus hits you.
* * * LOW HITPOINT WARNING * * *
The ufetubus closely misses you.
The quasit bites you but does no damage.
The quasit claws you.
* * * LOW HITPOINT WARNING * * *
You feel clumsy.
The quasit claws you but does no damage.
You barely miss the ufetubus. The ufetubus closely misses you.
The ufetubus hits you.
You die... "It's all fun and games until someone loses an eye."

#.#
#.###.#.......'..#......
#†## #.#
#.#.......##.#...... ...#
#.# #.#.......##.+..>...
...#
#.###.#.......####......
...#######.#...#.......#
#......
.....[.....#.###.......#
#...... #.#####......#
#.......# ####### †.#
#.########5#'##############
###
#.#.....##@#...............
,,*
#.#.###.##5################
#,* #.#.#
#.##.5...............
..#####.#.#
#)###################
#.......#.#
#....................
#.#######†#
##################### #,*
#.# *,* #.# *,* #.#


You could see a quasit (summoned), a crimson imp (summoned) and an ufetubus
(summoned).

Vanquished Creatures
  An adder (D:2)
  A worm (D:2)
  A dart slug (D:1)
  7 ball pythons
  3 bats
  3 endoplasms
  3 giant cockroaches (D:1)
  9 goblins
  2 hobgoblins
  2 frilled lizards
  2 kobolds (D:2)
  14 rats
48 creatures vanquished.

Notes
Turn   | Place    | Note
-------+----------+-------------------------------------------
     0 | D:1      | SnakkuSnakku7 the Djinni Chaos Knight began the quest for
                  | the Orb.
     0 | D:1      | Reached XP level 1. HP: 20/20 MP: 0/0
    29 | D:1      | Found a faded altar of an unknown god.
   157 | D:1      | Reached skill level 1 in Spellcasting
   157 | D:1      | Reached XP level 2. HP: 24/25 MP: 0/0
   285 | D:1      | Reached XP level 3. HP: 30/30 MP: 0/0
   285 | D:1      | Learned a level 1 spell: Shock
   296 | D:1      | XOM: noise
  1084 | D:2      | XOM: 1-stop teleportation journey
  1096 | D:2      | Reached XP level 4. HP: 24/35 MP: 0/0
  1218 | D:2      | XOM: summons 2 hostile demons
  1863 | D:2      | XOM: summons 3 hostile demons
  1877 | D:2      | HP: 2/52 [ufetubus[Xom] (3)]
  1878 | D:2      | Slain by an ufetubus

Illustrated notes

Levels and vault maps discovered:
D:1:      dpeg_arrival_ratfight, layout_loops_ring,
          hellmonk_ecumenical_altar_crossroads
D:2:      layout_basic

Skill      XL: |  1  2  3 |
---------------+----------+-----
Spellcasting   | 1 2 |  2.6
Fighting       | |  3.0
Long Blades    | |  2.6
Armour         | |  1.0
Dodging        | |  2.1

Action                   |  1- 3 |  4- 6 || total
-------------------------+-------+-------++-------
Melee: Falchion          |    96 |    38 ||   134
       Punch             |     1 |       ||     1
  Use: Scroll            |       |     2 ||     2
       Potion            |       |     1 ||     1
 Stab: Sleeping          |     1 |       ||     1
Armor: Leather armour    |    38 |    61 ||    99
Dodge: Dodged            |    60 |    72 ||   132
